 Dungeon Crawl Stone Soup version 0.20-a0-472-g5c05303 (webtiles) character file.

73 wazuzu the Skirmisher (level 4, -1/31 HPs)
             Began as a Halfling Abyssal Knight on Jan 14, 2017.
             Was a Believer of Lugonu.
             Slain by Sigmund
             ... wielding a +0 scythe
              (4 damage)
             ... on level 3 of the Dungeon.
             The game lasted 00:04:41 (1546 turns).

wazuzu the Skirmisher (Halfling Abyssal Knight)     Turns: 1546, Time: 00:04:41

Health: -1/31      AC:  6    Str: 19    XL:     4   Next: 51%
Magic:  5/5        EV: 14    Int: 10    God:    Lugonu [**....]
Gold:   63         SH:  4    Dex: 13    Spells: 3/3 levels left

rFire  + . .     SeeInvis .     w - +0 long sword
rCold  . . .     Gourm    .     b - +0 leather armour
rNeg   . . .     Faith    .     (shield restricted)
rPois  .         Spirit   .     h - +1 helmet
rElec  .         Reflect  .     (no cloak)
rCorr  +         Harm     .     (no gloves)
MR     .....                    e - +0 pair of boots
Stlth  +.........               (no amulet)
                                v - ring of protection from fire
                                p - ring of resist corrosion

@: mighty
A: large bone plates 1, mutation resistance 1
a: Depart the Abyss, Bend Space, Renounce Religion


You were on level 3 of the Dungeon.
You worshipped Lugonu.
Lugonu was pleased with you.
You were not hungry.

You visited 1 branch of the dungeon, and saw 3 of its levels.
You visited the Abyss 1 time.

You collected 63 gold pieces.

Inventory:

Hand Weapons
 w - a +0 long sword (weapon)
Missiles
 f - 21 sling bullets
 n - 69 stones (quivered)
Armour
 b - a +0 leather armour (worn)
 e - a +0 pair of boots (worn)
 h - a +1 helmet (worn)
Jewellery
 p - a ring of resist corrosion (left hand)
 v - a ring of protection from fire (right hand)
Scrolls
 d - a scroll of remove curse
 j - a scroll of fog {unknown}
 k - a scroll of identify {unknown}
 o - a scroll of enchant armour {unknown}
 s - a scroll of fear {unknown}
 t - a scroll of enchant weapon {unknown}
Potions
 l - a potion of agility {unknown}
Comestibles
 c - 2 bread rations
 m - a beef jerky
 q - 2 chunks of flesh
 r - a meat ration


   Skills:
 + Level 3.2 Fighting
 + Level 3.2 Long Blades
 + Level 2.6 Armour
 + Level 1.5 Dodging
 + Level 0.2 Stealth
 + Level 2.1 Invocations


You had 3 spell levels left.
You didn't know any spells.

Dungeon Overview and Level Annotations

Branches:
Dungeon (3/15)

Altars:

Annotations:
D:3 Sigmund


Innate Abilities, Weirdness & Mutations

You are small and have problems with some larger weapons.
You are somewhat resistant to further mutation.
You are partially covered in large bone plates. (SH +4)


Message History

Sigmund gestures wildly while chanting.
Sigmund flickers and vanishes!
Deactivating autopickup; reactivate with Ctrl-A.
You're too confused to move!
Something hits you! Something barely misses you.
You feel less confused. Something hits you.
There is a stone staircase leading down here.
You miss something. Something hits you.
You closely miss something. Something hits you!
* * * LOW HITPOINT WARNING * * *
You miss something. Something barely misses you.
You closely miss something. You block something's attack.
You closely miss something. You slash something! Something hits you.
* * * LOW HITPOINT WARNING * * *
You miss something. Something hits you.
* * * LOW HITPOINT WARNING * * *
You closely miss something. Something hits you.
You die...

### ##########.#
#..........# #.########.#
#.# #.# ##'##### #.# ###
#......# #.# #<#
...##..$...####.###.#####
........@..+......#.#....
.......{...####.#.#.#.#.#
......?.#### #.#.#.#....
......... #.#.#.#...#
....##... ..#.#.#<...
.... ..### ###.#.....#
... ... #.###.#.# .. ....
#.....#.# ####### #


There were no monsters in sight!

Vanquished Creatures
  2 adders (D:2)
  2 dart slugs
  3 leopard geckos
  An orc (D:1)
  2 giant cockroaches
  11 goblins
  8 hobgoblins
  A ball python (D:2)
  3 bats
  6 frilled lizards
  5 kobolds
  2 rats (D:1)
46 creatures vanquished.

Notes
Turn   | Place    | Note
-------+----------+-------------------------------------------
     0 | Abyss:1  | wazuzu the Halfling Abyssal Knight began the quest for the Orb.
     0 | Abyss:1  | Reached XP level 1. HP: 15/15 MP: 2/2
    33 | Abyss:1  | Noticed a blink frog
    35 | Abyss:1  | Noticed a quasit
    39 | Abyss:1  | Noticed a large abomination
    39 | D:1      | Escaped the Abyss
   157 | D:1      | Reached XP level 2. HP: 13/20 MP: 3/3
   174 | D:1      | Reached * piety under Lugonu
   533 | D:1      | Reached XP level 3. HP: 22/26 MP: 4/4
  1124 | D:2      | Reached XP level 4. HP: 31/31 MP: 5/5
  1130 | D:2      | Reached ** piety under Lugonu
  1521 | D:3      | Noticed Sigmund
  1525 | D:3      | Gained mutation: You are partially covered in large bone plates. (SH +4) [potion of mutation]
  1546 | D:3      | Slain by Sigmund

Vault maps used:
D:1:      evilmike_arrival_rings, wad_floor_pattern_1
D:3:      lemuel_doored_altar, marbit_many_paths, okawaru_trees_1, uniq_sigmund,
          uniq_iyjb

Skill      XL: |  1  2  3 |
---------------+----------+-----
Fighting       | 3 |  3.2
Long Blades    | 3 |  3.2
Armour         | |  2.6
Dodging        | |  1.5
Stealth        | |  0.2
Invocations    | |  2.1

Action                   |  1- 3 |  4- 6 || total
-------------------------+-------+-------++-------
Melee: Falchion          |   100 |    21 ||   121
       Long sword        |       |    15 ||    15
Invok: Depart the Abyss  |     1 |       ||     1
  Use: Potion            |       |     3 ||     3
       Scroll            |       |     1 ||     1
 Stab: Sleeping          |       |     1 ||     1
  Eat: Chunk             |     1 |     1 ||     2
Armor: Leather armour    |    37 |     7 ||    44
Dodge: Dodged            |    74 |    23 ||    97
Block: Other             |       |     1 ||     1
       Rpst.: Falchion   |    22 |     3 ||    25
       Long sword        |       |     2 ||     2
